BSA
IRVINE GANG GREEN @ MAUI TROPICS
04/18/2024
 
TOP OF THE 1ST
Irvine Gang Green batting - Pitching for Maui Tropics : RHP Norman White
Pitching: RHP Norman White
Batting: LHB Tony Tavárez 0-0: Ball
1-0: Foul Ball, location: 2F
1-1: Foul Ball, location: 2F
1-2: Ball
2-2: Foul Ball, location: 2F
2-2: Ball
3-2: Base on Balls
Batting: RHB Buck Jones 0-0: Ball
1-0: Called Strike
1-1: Ball
2-1: SINGLE (Line Drive, 6D)
Tony Tavárez to second
Batting: LHB Jesús Campos 0-0: Ball
1-0: Foul Ball, location: 2F
1-1: Swinging Strike
1-2: Ball
2-2: Ball
3-2: Foul Ball, location: 2F
3-2: Fielders Choice at 2nd, 4-6 (Groundball, 4)
Tony Tavárez to third
Batting: LHB Víctor Quiñones 0-0: Ball
Jesús Campos is caught stealing 2nd base
1-0: Fly out, F7 (Flyball, 78S)
Top of the 1st over - 0 run(s), 1 hit(s), 0 error(s), 1 left on base; Irvine 0 - Maui 0
BOTTOM OF THE 1ST
Maui Tropics batting - Pitching for Irvine Gang Green : LHP Terry Klassen
Pitching: LHP Terry Klassen
Batting: RHB Armando Martínez 0-0: Ball
1-0: Ball
2-0: Foul Ball, location: 2F
2-1: Ball
3-1: Foul Ball, location: 2F
3-2: Foul Ball, location: 2F
3-2: Fly out, F4 (Popup, 34D)
Batting: RHB Jesús Espinoza 0-0: Called Strike
0-1: Ball
1-1: Called Strike
1-2: Strikes out looking
Batting: LHB Luis Antonio Torres 0-0: Swinging Strike
0-1: Ball
1-1: Foul Ball, location: 2F
1-2: Foul Ball, location: 2F
1-2: Strikes out swinging
Bottom of the 1st over - 0 run(s), 0 hit(s), 0 error(s), 0 left on base; Irvine 0 - Maui 0
TOP OF THE 2ND
Irvine Gang Green batting - Pitching for Maui Tropics : RHP Norman White
Batting: RHB Manny Copriviza 0-0: Called Strike
0-1: Ball
1-1: Fly out, F8 (Flyball, 8LS)
Batting: RHB Pepe González 0-0: Ball
1-0: Fly out, F9 (Flyball, 89XD)
Batting: RHB José García 0-0: Called Strike
0-1: Ball
1-1: Foul Ball, location: 2F
1-2: Strikes out looking
Top of the 2nd over - 0 run(s), 0 hit(s), 0 error(s), 0 left on base; Irvine 0 - Maui 0
BOTTOM OF THE 2ND
Maui Tropics batting - Pitching for Irvine Gang Green : LHP Terry Klassen
Batting: RHB Damian Yates 0-0: Ball
1-0: Ball
2-0: Called Strike
2-1: Ball
3-1: Called Strike
3-2: Foul Ball, location: 2F
3-2: SINGLE (Groundball, 56D)
Batting: RHB Phil White 0-0: Ball
1-0: Called Strike
1-1: Swinging Strike
1-2: Ball
2-2: Strikes out swinging
Batting: RHB Pat Haynes 0-0: Swinging Strike
0-1: Foul Ball, location: 2F
0-2: Fly out, F7 (Flyball, 7M)
Batting: LHB Javier Espinoza 0-0: Ball
1-0: Foul Ball, location: 2F
1-1: Ball
2-1: Swinging Strike
2-2: Foul Ball, location: 2F
2-2: Foul Ball, location: 2F
2-2: Strikes out looking
Bottom of the 2nd over - 0 run(s), 1 hit(s), 0 error(s), 1 left on base; Irvine 0 - Maui 0
TOP OF THE 3RD
Irvine Gang Green batting - Pitching for Maui Tropics : RHP Norman White
Batting: LHB Bill Murphy 0-0: Called Strike
0-1: Ball
1-1: Fly out, F7 (Flyball, 78M)
Batting: SHB Adrián Ramírez 0-0: Foul Ball, location: 2F
0-1: Ball
1-1: Called Strike
1-2: Fly out, F6 (Popup, 6MD)
Batting: LHB Tony Tavárez 0-0: Hit by Pitch
Batting: RHB Buck Jones 0-0: Ball
1-0: Foul Ball, location: 2F
1-1: Ball
2-1: SINGLE (Groundball, 6MD)
Tony Tavárez to second
Runner from 2nd tries for 3rd, SAFE, throw made to third
Buck Jones to second
Batting: LHB Jesús Campos 0-0: Ball
1-0: Ball
2-0: Ball
3-0: Base on Balls
Batting: LHB Víctor Quiñones 0-0: Ball
1-0: Ball
2-0: Fly out, F6 (Popup, 7LSF)
Top of the 3rd over - 0 run(s), 1 hit(s), 0 error(s), 3 left on base; Irvine 0 - Maui 0
BOTTOM OF THE 3RD
Maui Tropics batting - Pitching for Irvine Gang Green : LHP Terry Klassen
Batting: RHB Jung-ha Kim 0-0: Foul Ball, location: 2F
0-1: Ball
1-1: Ball
2-1: Ball
3-1: Base on Balls
Batting: LHB Juan Jose Rojas 0-0: Ball
1-0: Ball
2-0: Ball
3-0: Base on Balls
Jung-ha Kim to second
Batting: RHB Armando Martínez 0-0: Ball
1-0: Ball
2-0: Ball
3-0: Base on Balls
Jung-ha Kim to third
Juan Jose Rojas to second
Batting: RHB Jesús Espinoza 0-0: Called Strike
0-1: Ball
1-1: Fielders Choice at 3rd, U5 (Groundball, 5L)
Jung-ha Kim scores
Armando Martínez to second
Batting: LHB Luis Antonio Torres 0-0: Fly out, F6 (Line Drive, 56)
Batting: RHB Damian Yates 0-0: Called Strike
0-1: Fly out, F9 (Flyball, 89XD)
Bottom of the 3rd over - 1 run(s), 0 hit(s), 0 error(s), 2 left on base; Irvine 0 - Maui 1
TOP OF THE 4TH
Irvine Gang Green batting - Pitching for Maui Tropics : RHP Norman White
Batting: RHB Manny Copriviza 0-0: Ball
1-0: Ball
2-0: Swinging Strike
2-1: Ground out 5-3 (Groundball, 5L)
Batting: RHB Pepe González 0-0: Foul Ball, location: 2F
0-1: Called Strike
0-2: Ball
1-2: Ball
2-2: Ground out U3 (Groundball, 3S)
Batting: RHB José García 0-0: Ball
1-0: Fly out, F8 (Flyball, 8RM)
Top of the 4th over - 0 run(s), 0 hit(s), 0 error(s), 0 left on base; Irvine 0 - Maui 1
BOTTOM OF THE 4TH
Maui Tropics batting - Pitching for Irvine Gang Green : LHP Terry Klassen
Batting: RHB Phil White 0-0: Ball
1-0: Ball
2-0: Foul Ball, location: 2F
2-1: Ground out 5-3 (Groundball, 5S)
Batting: RHB Pat Haynes 0-0: Ball
1-0: Ball
2-0: Called Strike
2-1: Fly out, F9 (Flyball, 9S)
Batting: LHB Javier Espinoza 0-0: Foul Ball, location: 2F
0-1: Foul Ball, location: 2F
0-2: Foul Ball, location: 2F
0-2: Ball
1-2: Strikes out swinging
Bottom of the 4th over - 0 run(s), 0 hit(s), 0 error(s), 0 left on base; Irvine 0 - Maui 1
TOP OF THE 5TH
Irvine Gang Green batting - Pitching for Maui Tropics : RHP Norman White
Batting: LHB Bill Murphy 0-0: Called Strike
0-1: Fly out, F8 (Flyball, 8LXD)
Batting: SHB Adrián Ramírez 0-0: SOLO HOME RUN (Flyball, 9LD), Distance : 341 ft
Batting: LHB Tony Tavárez 0-0: Ball
1-0: Called Strike
1-1: SINGLE (Groundball, 4MD) (infield hit)
Batting: RHB Buck Jones 0-0: Ball
1-0: Called Strike
1-1: Foul Ball, location: 2F
1-2: Strikes out looking
Batting: LHB Jesús Campos 0-0: Ball
Tony Tavárez is caught stealing 2nd base
Top of the 5th over - 1 run(s), 2 hit(s), 0 error(s), 0 left on base; Irvine 1 - Maui 1
BOTTOM OF THE 5TH
Maui Tropics batting - Pitching for Irvine Gang Green : LHP Terry Klassen
Batting: RHB Jung-ha Kim 0-0: Called Strike
0-1: Fly out, F9 (Popup, 4D)
Batting: LHB Juan Jose Rojas 0-0: Called Strike
0-1: Foul Ball, location: 2F
0-2: Ball
1-2: Strikes out swinging
Batting: RHB Armando Martínez 0-0: Ball
1-0: Ball
2-0: Ball
3-0: Called Strike
3-1: Base on Balls
Batting: RHB Jesús Espinoza 0-0: Ball
1-0: SINGLE (Groundball, 4MD)
Armando Martínez to second
Runner from 2nd tries for 3rd, SAFE, throw made to third
Batting: LHB Luis Antonio Torres 0-0: Called Strike
0-1: Ball
1-1: Fly out, F5 (Popup, 5F)
Bottom of the 5th over - 0 run(s), 1 hit(s), 0 error(s), 2 left on base; Irvine 1 - Maui 1
TOP OF THE 6TH
Irvine Gang Green batting - Pitching for Maui Tropics : RHP Norman White
Batting: LHB Jesús Campos 0-0: Foul Ball, location: 2F
0-1: Ground out 1-3 (Groundball, 25)
Batting: LHB Víctor Quiñones 0-0: Ball
1-0: Ground out 4-3 (Groundball, 4)
Batting: RHB Manny Copriviza 0-0: Called Strike
0-1: Ball
1-1: Foul Ball, location: 2F
1-2: Ball
2-2: SINGLE (Flyball, 8RS)
Pitching: RHP Dave Riley
Batting: RHB Pepe González 0-0: Ball
1-0: Called Strike
1-1: Foul Ball, location: 2F
1-2: SINGLE (Line Drive, 56D)
Manny Copriviza to second
Batting: RHB José García 0-0: Ball
1-0: Swinging Strike
1-1: Fly out, F7 (Flyball, 78M)
Top of the 6th over - 0 run(s), 2 hit(s), 0 error(s), 2 left on base; Irvine 1 - Maui 1
BOTTOM OF THE 6TH
Maui Tropics batting - Pitching for Irvine Gang Green : LHP Terry Klassen
Batting: RHB Damian Yates 0-0: Ball
1-0: Ball
2-0: Foul Ball, location: 2F
2-1: Ball
3-1: Foul Ball, location: 2F
3-2: Base on Balls
Batting: RHB Phil White 0-0: Called Strike
0-1: Ball
1-1: Swinging Strike
1-2: Strikes out swinging
Batting: RHB Pat Haynes 0-0: Ball
1-0: Swinging Strike
1-1: Ball
2-1: Grounds into double play, 4-6-3 (Groundball, 4)
Bottom of the 6th over - 0 run(s), 0 hit(s), 0 error(s), 0 left on base; Irvine 1 - Maui 1
TOP OF THE 7TH
Irvine Gang Green batting - Pitching for Maui Tropics : RHP Dave Riley
Batting: LHB Bill Murphy 0-0: Called Strike
0-1: Foul Ball, location: 2F
0-2: Ball
1-2: Strikes out swinging
Batting: SHB Adrián Ramírez 0-0: Called Strike
0-1: Ball
1-1: Foul Ball, location: 2F
1-2: Strikes out looking
Batting: LHB Tony Tavárez 0-0: Bunt missed!
0-1: Swinging Strike
0-2: Foul Ball, location: 2F
0-2: Ball
1-2: Ball
2-2: DOUBLE (Flyball, 89M)
Pinch Hitting: LHB Leonardo Medina 0-0: Foul Ball, location: 2F
0-1: Ball
1-1: Foul Ball, location: 2F
1-2: Ball
2-2: SINGLE (Line Drive, 4M)
Tony Tavárez to third
Runner from 3rd tries for Home, SAFE, no throw or cutoff
Batting: LHB Jesús Campos 0-0: Ball
1-0: Called Strike
1-1: Foul Ball, location: 2F
1-2: Foul Ball, location: 2F
1-2: Ball
2-2: Foul Ball, location: 2F
2-2: Ball
Leonardo Medina is caught stealing 2nd base
Top of the 7th over - 1 run(s), 2 hit(s), 0 error(s), 0 left on base; Irvine 2 - Maui 1
BOTTOM OF THE 7TH
Maui Tropics batting - Pitching for Irvine Gang Green : LHP Terry Klassen
Pitching: LHP Howard Bailey
Now in RF: Leonardo Medina
Batting: LHB Javier Espinoza 0-0: Ball
1-0: Ball
2-0: Swinging Strike
2-1: Foul Ball, location: 2F
2-2: Strikes out looking
Batting: RHB Jung-ha Kim 0-0: Called Strike
0-1: Ball
1-1: Called Strike
1-2: Foul Ball, location: 2F
1-2: Strikes out swinging
Batting: LHB Juan Jose Rojas 0-0: Swinging Strike
0-1: Called Strike
0-2: DOUBLE (Groundball, 5L)
Batting: RHB Armando Martínez 0-0: Ball
1-0: Fly out, F8 (Flyball, 8LM)
Bottom of the 7th over - 0 run(s), 1 hit(s), 0 error(s), 1 left on base; Irvine 2 - Maui 1
TOP OF THE 8TH
Irvine Gang Green batting - Pitching for Maui Tropics : RHP Dave Riley
Batting: LHB Jesús Campos 0-0: Ball
1-0: Ball
2-0: Ball
3-0: Base on Balls
Batting: LHB Víctor Quiñones 0-0: Ball
1-0: Ball
2-0: Called Strike
2-1: Foul Ball, location: 2F
2-2: Ball
3-2: Base on Balls
Jesús Campos to second
Batting: RHB Manny Copriviza 0-0: Called Strike
0-1: Called Strike
0-2: Ball
1-2: Ball
2-2: Ball
3-2: Base on Balls
Jesús Campos to third
Víctor Quiñones to second
Pitching: RHP Tony Guerrero
Batting: RHB Pepe González 0-0: Called Strike
0-1: Ball
1-1: Foul Ball, location: 2F
1-2: Hit by Pitch
Jesús Campos scores
Víctor Quiñones to third
Manny Copriviza to second
Pinch Hitting: LHB Tom Baker 0-0: Ball
1-0: Swinging Strike
1-1: Swinging Strike
1-2: Foul Ball, location: 2F
1-2: Ball
2-2: Strikes out swinging
Batting: LHB Bill Murphy 0-0: Called Strike
0-1: Ball
1-1: Ball
2-1: Called Strike
2-2: Ball
3-2: Base on Balls
Víctor Quiñones scores
Manny Copriviza to third
Pepe González to second
Batting: SHB Adrián Ramírez 0-0: Called Strike
0-1: Ball
1-1: Called Strike
1-2: Foul Ball, location: 2F
1-2: Strikes out swinging
Batting: LHB Tony Tavárez 0-0: Ball
1-0: SINGLE (Groundball, 34D)
Manny Copriviza scores
Pepe González to third
Bill Murphy to second
Runner from 3rd tries for Home, SAFE, no throw or cutoff
Batting: LHB Leonardo Medina 0-0: Ball
1-0: Ball
2-0: Called Strike
2-1: Ball
3-1: Foul Ball, location: 2F
3-2: Ground out 3-1 (Groundball, 34S)
Top of the 8th over - 4 run(s), 1 hit(s), 0 error(s), 2 left on base; Irvine 6 - Maui 1
BOTTOM OF THE 8TH
Maui Tropics batting - Pitching for Irvine Gang Green : LHP Howard Bailey
Now at 3B: José Salazar
Batting: RHB Jesús Espinoza 0-0: Ground out 4-3 (Groundball, 4M)
Batting: LHB Luis Antonio Torres 0-0: Swinging Strike
0-1: Fly out, F8 (Flyball, 8LXD)
Batting: RHB Damian Yates 0-0: Ball
1-0: Ball
2-0: TRIPLE (Flyball, 8LXD)
Batting: RHB Phil White 0-0: Fly out, F7 (Line Drive, 7M)
Bottom of the 8th over - 0 run(s), 1 hit(s), 0 error(s), 1 left on base; Irvine 6 - Maui 1
TOP OF THE 9TH
Irvine Gang Green batting - Pitching for Maui Tropics : RHP Tony Guerrero
Batting: LHB Jesús Campos 0-0: Ball
1-0: Ball
2-0: Foul Ball, location: 2F
2-1: Ball
3-1: Base on Balls
Batting: LHB Víctor Quiñones 0-0: Called Strike
0-1: Ball
1-1: Called Strike
1-2: Ball
2-2: Foul Ball, location: 2F
2-2: Fielders Choice at 2nd, 1-6 (Groundball, 15S)
Batting: RHB Manny Copriviza 0-0: Called Strike
0-1: Swinging Strike
0-2: Ball
1-2: Ball
2-2: Strikes out swinging
Batting: RHB Pepe González 0-0: Fly out, F8 (Flyball, 8RM)
Top of the 9th over - 0 run(s), 0 hit(s), 0 error(s), 1 left on base; Irvine 6 - Maui 1
BOTTOM OF THE 9TH
Maui Tropics batting - Pitching for Irvine Gang Green : LHP Howard Bailey
Pitching: RHP Kuang-yin Yue
Batting: RHB Pat Haynes 0-0: SINGLE (Groundball, 6M)
Batting: LHB Javier Espinoza 0-0: Called Strike
0-1: SINGLE (Line Drive, 4MD)
Pat Haynes to second
Batting: RHB Jung-ha Kim 0-0: Fly out, F8 (Flyball, 8RS)
Batting: LHB Juan Jose Rojas 0-0: Called Strike
0-1: Ball
1-1: Ball
2-1: Fly out, F8 (Flyball, 8LD)
Runner from 2nd tags up, SAFE at 3rd, no throw
Batting: RHB Armando Martínez 0-0: Ground out 1-3 (Groundball, 13)
Bottom of the 9th over - 0 run(s), 2 hit(s), 0 error(s), 2 left on base; Irvine 6 - Maui 1
This league is powered by Out of the Park Baseball, the baseball management simulation game for PC, Mac and Linux
Saturday, April 9th, 2016 - OOTP Baseball 16.8 Build 38